 Dungeon Crawl Stone Soup version 0.31.0-32-g396128a36d (webtiles) character file.

Game seed: 11355304533807776548

1353 booth the Cleaver (level 8, -7/65 (71) HPs)
             Began as a Hill Orc Monk on Mar 25, 2024.
             Was a Believer of Beogh.
             Mangled by Maurice
             ... wielding a +0 dagger
              (9 damage)
             ... on level 7 of the Dungeon on Mar 27, 2024.
             The game lasted 00:30:01 (6323 turns).

booth the Cleaver (Hill Orc Monk)                   Turns: 6323, Time: 00:30:02

HP:   -7/65 (71)    AC:  0    Str: 16    XL:     8   Next: 63%
MP:   0/8           EV: 15    Int: 10    God:    Beogh [**....]
Gold: 32            SH:  0    Dex: 13    Spells: 7/7 levels left

rFire   . . .        x - melded +2 hand axe (venom)
rCold   . . .        (shield currently unavailable)
rNeg    . . .        j - melded +3 leather armour {rPois}
rPois   .            (helmet currently unavailable)
rElec   .            g - melded +2 cloak
rCorr   .            A - melded +0 pair of gloves
SInv    .            l - melded +2 pair of boots
Will    .....        f - amulet of the acrobat
Stlth   ++           (ring currently unavailable)
HPRegen 0.30/turn    (ring currently unavailable)
MPRegen 0.11/turn

%: acrobat
@: pig-form, drained, very quick
A: fast, no casting, small, sense surroundings 1, (heat vulnerability 1)
a: Renounce Religion, Smiting


You were on level 7 of the Dungeon.
You worshipped Beogh.
Beogh was pleased with you.
You were a filthy swine.
You visited 1 branch of the dungeon, and saw 7 of its levels.

You collected 82 gold pieces.
You spent 50 gold pieces at shops.

Inventory:

Hand Weapons
 x - a +2 hand axe of venom (melded)
Missiles
 o - a throwing net
 y - a boomerang (quivered)
Armour
 d - an orb of light
 g - a +2 cloak (melded)
 j - a +3 leather armour of poison resistance (melded)
 l - a +2 pair of boots (melded)
 A - a +0 pair of gloves (melded)
 F - a +3 chain mail of fire resistance
Jewellery
 f - an amulet of the acrobat (around neck)
Wands
 a - a wand of polymorph (5)
 h - a wand of roots (5)
 p - a wand of paralysis (8)
 q - a wand of flame (15)
 C - a wand of quicksilver (9)
Scrolls
 i - a scroll of teleportation
 n - a scroll of torment
 r - 2 scrolls of butterflies
 s - a scroll of immolation
 t - 4 scrolls of poison
 w - a scroll of blinking {unknown}
Potions
 c - 2 potions of ambrosia
 e - 4 potions of curing
 k - 2 potions of attraction
 m - a potion of berserk rage
 u - 2 potions of lignification
 v - a potion of resistance
 z - 2 potions of haste
 B - a potion of invisibility
 D - a potion of mutation
 G - a potion of magic {unknown}


   Skills:
 + Level 6.9 Fighting
 * Level 9.9 Axes
 + Level 3.3 Armour
 - Level 3.7 Dodging
 + Level 2.7 Stealth


You had 7 spell levels left.
You didn't know any spells.
Your spell library contained the following spells:

 Spells                   Type           Power      Damage    Failure   Level
 Kiss of Death            Conj/Necr      0%         2d5       36%         1
 Mercury Vapours          Alch/Air       0%         N/A       50%         2
 Confusing Touch          Hex            0%         N/A       75%         3
 Dazzling Flash           Conj/Hex       0%         N/A       75%         3
 Mephitic Cloud           Conj/Alch/Air  0%         N/A       75%         3
 Tukima's Dance           Hex            0%         N/A       75%         3
 Volatile Blastmotes      Fire/Tloc      0%         2d10      75%         3
 Dimensional Bullseye     Hex/Tloc       0%         N/A       98%         4
 Dispel Undead            Necr           0%         3d6       98%         4
 Iskenderun's Mystic Bla  Conj/Tloc      0%         2d3       98%         4
 Alistair's Intoxication  Alch           0%         N/A       100%        5
 Borgnjor's Vile Clutch   Necr/Erth      0%         N/A       100%        5
 Freezing Cloud           Conj/Ice/Air   0%         6-21      100%        5
 Eringya's Noxious Bog    Alch           0%         4d6       100%        6
 Starburst                Conj/Fire      0%         6d3       100%        6
 Maxwell's Capacitive Co  Air            0%         ∞         100%        8


Dungeon Overview and Level Annotations

Branches:
Dungeon (7/15)
 Temple: D:4-7

Altars:
Cheibriados

Shops:
D:4 *

Annotations:
D:7 Jeremiah, Maurice


Innate Abilities, Weirdness & Mutations

You are a filthy swine.
You move quickly.
Your equipment is almost entirely melded.
You are incapable of wielding weapons or throwing items.
You cannot cast spells.
You passively map a small area around you.
((You are vulnerable to heat. (rF-)))


Message History

Something bites you.
You feel your power leaking away. Something drains your magic.
Jeremiah hits you from afar with a +4 trident of draining!
You feel drained.
You barely miss something. You barely miss the butterfly.
You hear some strange, mumbled words.
Jeremiah closely misses you.
Found a throwing net.
You hear a zap.
You turn into a filthy swine.
Your +2 hand axe of venom melds into your body.
Your +2 cloak melds into your body.
Your +0 pair of gloves melds into your body.
Your +2 pair of boots melds into your body.
Your +3 leather armour of poison resistance melds into your body.
Your +2 hand axe of venom stops dripping with poison.
You no longer feel resistant to poison.
You open the door.
There is an open door here.
You close the door.
Something unseen breaks down the door.
Something barely misses you. Something bites you!
You feel your power leaking away. Something drains your magic.
Jeremiah completely misses you. Something misses you. Something bites you.
Something drains your magic. Jeremiah completely misses you.
You closely miss something. Something hits you.
Something steals 21 gold pieces!
You now have 197 gold pieces.
Something bites you. Something drains your magic.
Jeremiah hits you from afar with a +4 trident of draining!
* * * LOW HITPOINT WARNING * * *
You feel drained.
* * * LOW HITPOINT WARNING * * *
You closely miss something.
The butterfly disappears in a burst of colours!
Something hits you!
* * * LOW HITPOINT WARNING * * *
Something steals 165 gold pieces!
You now have 32 gold pieces.
Something bites you!
You die...

#......#......#######
#......#..F.°.'..b..b
#......#......#######
#......#Fbb...#
,,#......#.b....# * *
+..... +...b..+, , ,
, #....###.....b# * *
* #.#......#### ,,
#h###.#...... * ,
###{###'#......, ,
#..bF.F..bb....
#.b..b.bb###.## *
#.b......# ... ,
#.....b..#* ## , *
#.b......# , *
#.)...b.b$.
#..........(


You could see Jeremiah.

Vanquished Creatures
  Duvessa (D:7)
  An ice beast (D:5)
  A black bear (D:5)
  An ogre (D:4)
  Blork the orc (D:6)
  2 bullfrogs (D:6)
  A scorpion (D:5)
  Dowan (D:7)
  2 jellies
  2 hounds
  2 orc priests
  3 iguanas (D:6)
  Jessica (D:2)
  Ijyb (D:3)
  4 orc wizards
  Robin (D:3)
  2 gnolls (D:4)
  12 adders
  A shadow imp (D:6)
  2 dart slugs
  5 ribbon worms
  17 orcs
  4 ball pythons
  9 endoplasms
  2 giant cockroaches
  12 goblins
  8 hobgoblins
  4 jackals (D:2)
  6 kobolds
  7 quokkas
  5 bats
  7 frilled lizards
  7 rats
135 creatures vanquished.

Vanquished Creatures (others)
  An orc (D:5)
1 creature vanquished.

Grand Total: 136 creatures vanquished

Notes
Turn   | Place    | Note
-------+----------+-------------------------------------------
     0 | D:1      | booth the Hill Orc Monk began the quest for the Orb.
     0 | D:1      | Reached XP level 1. HP: 19/19 MP: 1/1
    64 | D:1      | Found a faded altar of an unknown god.
   145 | D:1      | Reached XP level 2. HP: 26/27 MP: 2/2
   426 | D:1      | Reached XP level 3. HP: 33/33 MP: 3/3
   849 | D:2      | Reached skill level 5 in Axes
  1224 | D:2      | Reached XP level 4. HP: 39/40 MP: 4/4
  1384 | D:2      | Noticed Jessica
  1397 | D:2      | Killed Jessica
  1876 | D:3      | Reached XP level 5. HP: 47/47 MP: 5/5
  2049 | D:3      | Reached skill level 6 in Axes
  2176 | D:3      | Noticed Ijyb
  2200 | D:3      | Killed Ijyb
  2213 | D:3      | Noticed Robin
  2238 | D:3      | Killed Robin
  2461 | D:3      | Gained mutation: You expend magic power (3 MP) to
                  | strengthen your wands. [potion of mutation]
  2461 | D:3      | Gained mutation: You are vulnerable to heat. (rF-) [potion
                  | of mutation]
  2461 | D:3      | Lost mutation: You expend magic power (3 MP) to strengthen
                  | your wands. [potion of mutation]
  2461 | D:3      | Gained mutation: You passively map a small area around you.
                  | [potion of mutation]
  2531 | D:4      | Found Ewamm's General Store.
  2537 | D:4      | Bought a potion of curing for 30 gold pieces
  2537 | D:4      | Bought a scroll of identify for 20 gold pieces
  2619 | D:4      | Paralysed by a gnoll for 5 turns
  2631 | D:4      | Paralysed by a gnoll for 5 turns
  2638 | D:4      | Reached skill level 5 in Fighting
  2671 | D:4      | Reached XP level 6. HP: 52/56 MP: 6/6
  2769 | D:4      | Reached skill level 7 in Axes
  3502 | D:4      | Found a snail-covered altar of Cheibriados.
  3703 | D:5      | Entered Level 5 of the Dungeon
  3754 | D:5      | Reached XP level 7. HP: 44/61 MP: 7/7
  3943 | D:5      | Reached skill level 8 in Axes
  3943 | D:5      | Reached skill level 1 in Armour
  4006 | D:5      | Became a worshipper of Beogh the Brigand
  4006 | D:5      | Reached * piety under Beogh
  4006 | D:5      | Reached ** piety under Beogh
  4089 | D:5      | Reached skill level 1 in Stealth
  4543 | D:5      | Reached XP level 8. HP: 53/70 MP: 8/8
  4770 | D:5      | Identified a scroll of acquirement
  4770 | D:5      | Acquired a +3 chain mail of fire resistance
  5030 | D:6      | Reached skill level 9 in Axes
  5721 | D:6      | Noticed Blork the orc
  5738 | D:6      | Killed Blork the orc
  6150 | D:7      | Noticed Dowan
  6155 | D:7      | Noticed Duvessa
  6161 | D:7      | Killed Dowan
  6175 | D:7      | Killed Duvessa
  6230 | D:7      | Noticed Jeremiah
  6296 | D:7      | Noticed Maurice
  6302 | D:7      | Something stole a +2 buckler
  6309 | D:7      | Something stole 4 boomerangs
  6310 | D:7      | Something stole a +2 mace of holy wrath
  6322 | D:7      | Something stole 21 gold
  6323 | D:7      | HP: 2/65 [something (7)]
  6323 | D:7      | Something stole 165 gold
  6323 | D:7      | Mangled by Maurice

Illustrated notes

Levels and vault maps discovered:
D:1:      evilmike_arrival_fibonacci_small, layout_loops_ring,
          shapermc_ecumenical_altar_mp_highgroup, chequers_garden,
          minmay_statues_item
D:2:      layout_loops_ring, kennysheep_jessica_study
D:3:      layout_loops_cross, uniq_robin, uniq_ijyb
D:4:      minmay_evil_eye, layout_basic, kennysheep_slug_shrine, serial_shops,
          nicolae_shop_back_alley_shop, kennysheep_generic_room_7
D:5:      layout_loops_ring
D:6:      nicolae_cairo_tiling_large, layout_layer_cave, uniq_blork_the_orc
D:7:      layout_basic, minmay_temple_entry_overgrown, nicolae_shop_fire_sale
          [nicolae_sub_dead_trees], uniq_maurice, uniq_duvessa, uniq_jeremiah

Skill      XL: |  1  2  3  4  5  6  7  8 |
---------------+-------------------------+-----
Fighting       | 4 5 6 |  6.9
Axes           | 5 6 7 8 9 |  9.9
Dodging        | 3 |  3.7
Armour         | 2 3 |  3.3
Stealth        | 1 2 |  2.7

Action                     |  1- 3 |  4- 6 |  7- 9 || total
---------------------------+-------+-------+-------++-------
  Melee: Hand axe          |   109 |   298 |   169 ||   576
         Punch             |       |     1 |     3 ||     4
         Unarmed           |       |       |     2 ||     2
  Throw: Boomerang         |       |       |     9 ||     9
 Invoke: Convert to Beogh  |       |       |     1 ||     1
  Evoke: Wand              |       |     2 |     3 ||     5
    Use: Potion            |     1 |     4 |     3 ||     8
         Scroll            |     5 |     7 |     8 ||    20
   Stab: Sleeping          |       |       |     2 ||     2
         Invisible         |       |       |     1 ||     1
 Armour: Robe              |    10 |       |       ||    10
         Leather armour    |    46 |   167 |    76 ||   289
         Skin              |       |       |     7 ||     7
  Dodge: Dodged            |    61 |   155 |    81 ||   297
  Block: Buckler           |       |     7 |       ||     7
